3vs3 Scotch where are you ?

Match 19065925
End
Royal Engineer Section
Construct Section Command Post
Selects Air and Sea Battlegroup
Infantry Section
Infantry Section
Infantry Section
Construct Platoon Command Post
Selects Supply Surplus
6-pounder Anti-tank Gun Team
CMP 15cwt Truck
Construct Resource Cache
6-pounder Anti-tank Gun Team
6-pounder Anti-tank Gun Team
Selects Centaur Medium Tank
Centaur Medium Tank
Centaur Medium Tank
Centaur Medium Tank
Selects Naval Bombardment
6-pounder Anti-tank Gun Team
Selects Commando Section Paradrop
Naval Bombardment
Commando Section Paradrop
Infantry Training
Selects M1 Pack Howitzer Paradrop
Armored Vehicle Training
Unlock Bishop Self-propelled Artillery
Naval Bombardment
Bishop Self-propelled Artillery
6-pounder Anti-tank Gun Team
Construct Resource Cache
Construct Company Command Post
Selects Anti-tank Rocket Loiter
Naval Bombardment
Foot Guards Section
Centaur Medium Tank
Anti-tank Rocket Loiter
Drink||Chouchen
Drink||Kir
Drink||Karmeliet
Tirant
Reactive
DominickDecocco
0
0

Comments sign in to comment!

No comments posted yet!